 Dungeon Crawl Stone Soup version 0.31-a0-853-gc9b61b78f7 (webtiles) character file.

Game seed: 16502734564786185403

595655 BinkBink the Conqueror (level 25, -15/508 (514) HPs)
             Began as a Minotaur Monk on Oct 7, 2023.
             Was the Champion of Jiyva.
             Succumbed to poison (dark miasma)
             ... on level 2 of the Tomb of the Ancients on Oct 8, 2023.
             The game lasted 02:34:12 (46289 turns).

BinkBink the Conqueror (Minotaur Monk)             Turns: 46289, Time: 02:34:13

HP:   -15/508 (514) AC: 39    Str: 27      XL:     25   Next: 80%
MP:   11/17         EV: 39    Int:  2 (4)  God:    Jiyva [******]
Gold: 4851          SH:  5    Dex: 34      Spells: 24/24 levels left

rFire   . . .        G - +9 battleaxe (elec)
rCold   + . .        (shield currently unavailable)
rNeg    + + .        F - +12 chain mail of the Other World {Drain rElec rCorr}
rPois   +            m - +2 hat of the Bear Spirit {Spirit, Bear, *Rage Will++}
rElec   +            O - +1 cloak of the Akabeko {Will+ Dex+7 Stlth+}
rCorr   +            I - +2 pair of gloves {Stlth+}
SInv    .            A - +2 pair of boots {Fly}
Will    ++++.        J - amulet "Tom Niq" {Reflect Harm Drain rC- Dex+6 SH+5} Stlth
                     W - ring "Ebod" {rN+ Stlth+}
HPRegen 2.64/turn    E - ring "Haqauh Zerph" {rPois rN+ Str+2}
MPRegen 0.65/turn

%: random rage (29%), harm (+30% outgoing, +20% incoming), reflection, guardian
spirit
@: berserking (expiring), lethally poisoned (-15 -> -83), marked, flying,
slowed, studying 4 skills, lightly drained
A: horns 2, retaliatory headbutt, talons 1, thin skeletal structure 1, agile 1,
berserk 2, cold resistance 2, dopey 1, low MP 2, pseudopods 3, translucent skin
2, evolution 1, tendrils
}: 4/15 runes: serpentine, barnacled, slimy, silver
a: Renounce Religion, Oozemancy, Slimify


You were on level 2 of the Tomb of the Ancients.
You worshipped Jiyva.
Jiyva was exalted by your worship.
You visited 11 branches of the dungeon, and saw 52 of its levels.
You also visited: Sewer, Ossuary, Ice Cave and Wizlab.

You collected 5496 gold pieces.
You spent 645 gold pieces at shops.

Inventory:

Hand Weapons
 G - a +9 battleaxe of electrocution (weapon)
 P - a +0 executioner's axe of freezing
Armour
 m - the +2 hat of the Bear Spirit (worn) {Spirit, Bear, *Rage Will++}
   (You found it on level 5 of the Vaults)

   Bear:      Going berserk makes the wearer exceptionally tough, and they are
   slowed for a shorter time afterward.
   Will++:    It greatly increases your willpower.
   *Rage:     It berserks you when you make melee attacks (+20% chance).
 A - a +2 pair of boots of flying (worn)
 F - the +12 chain mail of the Other World (worn) {Drain rElec rCorr}
   (You took it off a skeletal warrior on level 10 of the Dungeon)

   rElec:     It insulates you from electricity.
   rCorr:     It protects you from acid and corrosion.
   Drain:     It drains your maximum health when unequipped.
 I - a +2 pair of gloves of stealth (worn)
 O - the +1 cloak of the Akabeko (worn) {Will+ Dex+7 Stlth+}
   (You found it in a wizard's laboratory)

   Dex+7:     It affects your dexterity (+7).
   Will+:     It increases your willpower.
   Stlth+:    It makes you more stealthy.
 U - a +1 kite shield of reflection
Jewellery
 d - a ring of flight
 h - the ring "Guyci" {rElec rC+}
   (You found it in an ice cave)

   [ring of protection from cold]

   rC+:       It protects you from cold.
   rElec:     It insulates you from electricity.
 i - the ring of Xafotso {*Corrode rElec Slay+3 SInv}
   (You took it off a deep elf death mage on level 3 of the Elven Halls)

   [ring of see invisible]

   Slay+3:    It affects your accuracy & damage with ranged weapons and melee
   (+3).
   rElec:     It insulates you from electricity.
   SInv:      It lets you see invisible.
   *Corrode:  It may corrode you when you take damage.
 y - an amulet of Fuall {Acrobat rC++ Will+}
   (You found it on level 2 of the Vaults)

   [amulet of the acrobat]

   Acrobat:   It increases your evasion while moving and waiting.
   rC++:      It greatly protects you from cold.
   Will+:     It increases your willpower.
 B - a +5 ring of evasion
 E - the ring "Haqauh Zerph" (right hand) {rPois rN+ Str+2}
   (You found it on level 3 of the Crypt)

   [ring of positive energy]

   Str+2:     It affects your strength (+2).
   rPois:     It protects you from poison rN+: It protects you from negative
   energy.
 J - the amulet "Tom Niq" (around neck) {Reflect Harm Drain rC- Dex+6 SH+5}
   (You found it on level 5 of the Pits of Slime)

   [amulet of reflection]

   Reflect:   It reflects blocked missile attacks.
   Dex+6:     It affects your dexterity (+6).
   rC-:       It makes you vulnerable to cold.
   Drain:     It drains your maximum health when unequipped.
   SH+5:      It affects your SH (+5).
   Harm:      It increases damage dealt and taken.
 K - a +4 ring of slaying
 M - a +6 ring of strength
 Q - the amulet "Jaas" {Regen+ Stlth+}
   (You took it off a vampire knight on level 3 of the Crypt)

   [amulet of regeneration]

   Regen+:    It increases your rate of health regeneration.
   Stlth+:    It makes you more stealthy.
 R - a +5 ring of evasion
 W - the ring "Ebod" (left hand) {rN+ Stlth+}
   (You found it on level 3 of the Crypt)

   [ring of positive energy]

   rN+:       It protects you from negative energy.
   Stlth+:    It makes you more stealthy.
Wands
 q - a wand of iceblast (30)
 u - a wand of charming (27)
 x - a wand of light (10)
 z - a wand of mindburst (5)
 C - a wand of flame (93)
 D - a wand of polymorph (15)
 Y - a wand of digging (9)
Scrolls
 a - 4 scrolls of fear
 b - 8 scrolls of noise
 f - 5 scrolls of enchant weapon
 g - 11 scrolls of teleportation
 l - a scroll of silence
 p - 4 scrolls of revelation
 t - 6 scrolls of immolation
 V - 2 scrolls of poison
 X - 6 scrolls of fog
 Z - a scroll of blinking
Potions
 c - 3 potions of ambrosia
 e - 11 potions of curing
 j - 9 potions of enlightenment
 k - 6 potions of lignification
 n - 3 potions of brilliance
 o - 2 potions of mutation
 r - a potion of resistance
 s - 3 potions of magic
 v - 5 potions of haste
 w - 2 potions of berserk rage
 H - a potion of attraction
 L - a potion of heal wounds
 N - 2 potions of invisibility
 S - 2 potions of might
 T - 2 potions of cancellation


   Skills:
 O Level 27 Fighting
 - Level 24.0 Axes
 O Level 27 Armour
 O Level 27 Dodging
 + Level 20.6 Shields


You had 24 spell levels left.
You didn't know any spells.
Your spell library contained the following spells:

 Spells                   Type           Power      Damage    Failure   Level
 Apportation              Tloc           0%         N/A       77%         1
 Freeze                   Ice            0%         1d3       77%         1
 Magic Dart               Conj           0%         1d3       77%         1
 Necrotise                Necr           0%         1d4       77%         1
 Shock                    Conj/Air       0%         1d3       77%         1
 Sting                    Tmut/Pois      0%         1d3       77%         1
 Cigotuvi's Dreadful Rot  Necr/Pois/Air  0%         N/A       88%         2
 Ensorcelled Hibernation  Hex/Ice        0%         N/A       88%         2
 Momentum Strike          Conj/Tloc      0%         3d8       88%         2
 Passwall                 Tmut/Erth      0%         N/A       88%         2
 Scorch                   Fire           0%         2d5       88%         2
 Searing Ray              Conj           0%         2d4       88%         2
 Sublimation of Blood     Necr           0%         N/A       88%         2
 Dazzling Flash           Conj/Hex       0%         N/A       98%         3
 Frozen Ramparts          Ice            0%         1d1       98%         3
 Gell's Gravitas          Tloc           0%         N/A       98%         3
 Ignite Poison            Fire/Tmut/Pois 0%         N/A       98%         3
 Ozocubu's Armour         Ice            0%         N/A       98%         3
 Summon Guardian Golem    Hex/Summ       0%         N/A       98%         3
 Swiftness                Air            0%         N/A       98%         3
 Teleport Other           Tloc           0%         N/A       98%         3
 Tukima's Dance           Hex            0%         N/A       98%         3
 Volatile Blastmotes      Fire/Tloc      0%         2d10      98%         3
 Airstrike                Air            0%         2d(0-16)  100%        4
 Anguish                  Hex/Necr       0%         N/A       100%        4
 Animate Dead             Necr           0%         N/A       100%        4
 Brom's Barrelling Bould  Conj/Erth      0%         2d3       100%        4
 Cause Fear               Hex            0%         N/A       100%        4
 Dimensional Bullseye     Hex/Tloc       0%         N/A       100%        4
 Dispel Undead            Necr           0%         3d6       100%        4
 Flame Wave               Conj/Fire      0%         2d4       100%        4
 Fulminant Prism          Conj/Hex       0%         3d5       100%        4
 Iskenderun's Mystic Bla  Conj/Tloc      0%         2d3       100%        4
 Leda's Liquefaction      Hex/Erth       0%         N/A       100%        4
 Manifold Assault         Tloc           0%         N/A       100%        4
 Olgreb's Toxic Radiance  Pois           0%         N/A       100%        4
 Passage of Golubria      Tloc           0%         N/A       100%        4
 Petrify                  Tmut/Erth      0%         N/A       100%        4
 Sticky Flame             Conj/Fire      0%         2d3       100%        4
 Vhi's Electric Charge    Tloc/Air       0%         N/A       100%        4
 Agony                    Necr           0%         N/A       100%        5
 Alistair's Intoxication  Tmut/Pois      0%         N/A       100%        5
 Arcjolt                  Conj/Air       0%         1d10      100%        5
 Fireball                 Conj/Fire      0%         3d3       100%        5
 Freezing Cloud           Conj/Ice/Air   0%         6-21      100%        5
 Irradiate                Conj/Tmut      0%         3d11      100%        5
 Iskenderun's Battlesphe  Conj           0%         2d6       100%        5
 Lee's Rapid Deconstruct  Erth           0%         3d4*      100%        5
 Metabolic Englaciation   Hex/Ice        0%         N/A       100%        5
 Yara's Violent Unravell  Hex/Tmut       0%         3d3       100%        5
 Bombard                  Conj/Erth      0%         9d1       100%        6
 Conjure Ball Lightning   Conj/Air       0%         3x3d6     100%        6
 Death Channel            Necr           0%         N/A       100%        6
 Dispersal                Tloc           0%         N/A       100%        6
 Plasma Beam              Fire/Air       0%         2x1d10    100%        6
 Simulacrum               Ice/Necr       0%         N/A       100%        6
 Starburst                Conj/Fire      0%         6d3       100%        6
 Summon Cactus Giant      Summ           0%         N/A       100%        6
 Enfeeble                 Hex            0%         N/A       100%        7
 Haunt                    Necr/Summ      0%         N/A       100%        7
 Malign Gateway           Summ/Tloc      0%         N/A       100%        7
 Orb of Destruction       Conj           0%         9d5       100%        7
 Ozocubu's Refrigeration  Ice            0%         4d7       100%        7
 Spellforged Servitor     Conj/Summ      0%         N/A       100%        7
 Discord                  Hex            0%         N/A       100%        8
 Disjunction              Tloc           0%         N/A       100%        8
 Ignition                 Fire           0%         3d3       100%        8
 Infestation              Necr           0%         N/A       100%        8
 Maxwell's Capacitive Co  Air            0%         ∞         100%        8
 Death's Door             Necr           0%         N/A       100%        9


Dungeon Overview and Level Annotations

Branches:
Dungeon (15/15)            Temple (0/1) D:4            Lair (5/5) D:11
 Shoals (4/4) Lair:3        Snake (4/4) Lair:2        Slime (5/5) Lair:4
    Orc (2/2) D:11            Elf (3/3) Orc:2        Vaults (5/5) D:14
  Crypt (3/3) Vaults:2       Tomb (2/3) Crypt:3      Depths (4/4) D:15
    Zot (0/5) Depths:4      Sewer (visited)         Ossuary (visited)
  IceCv (visited)          WizLab (visited)

Altars:
Dithmenos
Elyvilon
Fedhas
Kikubaaqudgha
Nemelex Xobeh
Okawaru
Qazlal
Uskayaw
Vehumet
Wu Jian
Xom
Yredelemnul
Zin
The Shining One
Jiyva

Shops:
D:9 :   D:11 ?   D:13 :   D:15 *(:(=   Orc:2 =[(   Elf:1 [   Elf:3 !
Shoals:1 *:!   Snake:4 =::   Vaults:1 :((!(   Vaults:5 ?

Portals:
Hell: Depths:1 Depths:2 Depths:3 Depths:4
Abyss: Depths:3 Depths:4
Pandemonium: Depths:1 Depths:2 Depths:3
Ziggurat: Depths:1
Trove: Depths:4 (give +3 storm dragon scales)

Annotations:
D:4 3 runed translucent doors, Beaer's ghost, amateur OpFi
Slime:5 Royal Jelly


Innate Abilities, Weirdness & Mutations

You have a pair of horns on your head.
You reflexively headbutt those who attack you in melee.
You have sharp toenails.
You have a somewhat thin skeletal structure. (Dex +2, Stealth+)
You are agile. (Dex +4, Str/Int -1)
You have an uncontrollable temper.
Your flesh is very cold resistant. (rC++)
You are dopey. (Int -2)
Your magical capacity is very low. (-20% MP)
Armour fits poorly on your massive pseudopods.
Your translucent skin reduces your foes' accuracy. (Stealth+)
You have hidden genetic potential.
You are covered in slimy tendrils that may disarm your opponents.


Message History

The mummy priest hits you but does no damage.
You open the mummy priest like a pillowcase!!!
You destroy the mummy priest!
You hit something.
You feel extremely nervous for a moment...
Your body is wracked with pain!
* * * LOW HITPOINT WARNING * * *
You are engulfed in dark miasma.
* * * LOW HITPOINT WARNING * * *
x2 You feel extremely sick.
Something completely misses you. x2
You are too berserk!
You chop the mummy priest into pieces!!!
You headbutt the mummy priest!
You destroy the mummy priest!
Reactivating autopickup.
The wraith disappears in a puff of smoke!
You feel extremely nervous for a moment...
You are engulfed in negative energy!
You partially resist.
You feel drained.
You are engulfed in dark miasma.
You are more poisoned.
You feel as though you will be slow longer.
* * * LOW HITPOINT WARNING * * *
x2 You feel extremely sick.
* * * LOW HITPOINT WARNING * * *
You feel extremely sick.
There is a one-way staircase leading up here.
You are too berserk!
You are too berserk!
There is a lethal amount of poison in your body!
You feel a strong urge to attack something.
* * * LOW HITPOINT WARNING * * *
You feel extremely sick.
You are too berserk!
Okay, then.
Okay, then.
You don't know any spells.
You are too berserk!
You are too berserk!
You die...

############ # . #..........#
... ..#.........^#....
..'.....$....'....
..#^.........#... M
#....@.^...#
##############################
...........................^.#
...^........................J#
..............#.............J#
..............#.............J#
......##^............##.J....#
.....###^..#######...###....J#
.^..###....#######....###...J#


There were no monsters in sight!

Vanquished Creatures
  19 royal mummies
  Saint Roka (Depths:2)
  Margery (Crypt:2)
  2 golden dragons
  Nikola (Depths:2)
  2 bone dragons (Depths:4)
  3 doom hounds (Depths:2)
  3 tentacled monstrosities
  Jorgrun (Snake:3)
  5 liches
  A walking crystal tome (Depths:2)
  4 titans (Vaults:5)
  Grunn (Depths:2)
  3 deep elf blademasters
  Asterion (Vaults:2)
  A deep elf master archer (Elf:3)
  Frances (D:14)
  10 sphinxes
  Polyphemus (Shoals:2)
  7 ancient champions
  Kirke (D:12)
  An eldritch tentacle (WizLab)
  A storm dragon (Vaults:5)
  3 shadow dragons
  Agnes (D:15)
  4 tengu reavers
  Donald (Shoals:1)
  3 revenants
  4 fire giants
  Ilsuiw (Shoals:3)
  7 nagarajas
  17 vault wardens
  2 iron dragons
  6 deep elf sorcerers
  An angel (Shoals:4)
  Louise (D:15)
  3 curse skulls
  15 frost giants
  3 orc warlords
  5 deep elf elementalists (Elf:3)
  A cacodemon (WizLab)
  A draconian scorcher (Depths:4)
  A spectral caustic shrike (Crypt:1)
  11 ghouls
  16 ironbound preservers
  A juggernaut skeleton (Tomb:2)
  3 war gargoyles
  15 stone giants
  21 very ugly things
  9 ironbound thunderhulks
  A reaper (Depths:1)
  4 deep elf annihilators (Elf:3)
  23 vampire knights
  7 deep elf demonologists
  3 black draconians (Depths:4)
  Azrael (D:12)
  A spectral titan (Crypt:1)
  A green draconian (Depths:4)
  A white draconian (Depths:4)
  A red draconian (Depths:4)
  5 spark wasps
  11 dire elephants
  4 bennus
  3 purple draconians (Depths:4)
  6 eidola
  2 crystal guardians (Vaults:4)
  9 deep elf death magi
  4 merfolk javelineers
  7 fire dragons
  12 ettins
  22 mummy priests
  Josephine (Lair:4)
  13 merfolk impalers
  12 yaktaur captains
  A spectral spriggan (Crypt:1)
  A spectral fenstrider witch (Crypt:1)
  An entropy weaver (Vaults:4)
  8 deep elf high priests
  17 jiangshi
  7 hydras
  42 vault guards
  A hell beast (Depths:1)
  A caustic shrike simulacrum (IceCv)
  12 ice dragons
  5 rakshasas
  2 ogre magi
  4 peacekeepers
  3 salamander tyrants
  5 catoblepae
  A radroach (shapeshifter) (Vaults:4)
  7 death knights
  2 alligator snapping turtles (Shoals:4)
  15 anacondas
  2 boulder beetles
  24 centaur warriors
  2 satyrs
  3 merfolk avatars
  A spectral draconian (Crypt:1)
  2 spectral stone giants (Crypt:1)
  10 death yaks
  4 spriggan air magi
  8 ironbound frosthearts
  8 two-headed ogres
  3 deep troll shamans
  10 merfolk aquamancers
  A sphinx skeleton (Vaults:2)
  21 death scarabs
  3 tengu warriors
  18 naga warriors
  20 vampire magi
  2 thrashing horrors (WizLab)
  4 spriggan berserkers
  A titan zombie (Crypt:3)
  A spectral naga (Crypt:1)
  19 naga sharpshooters
  2 spectral dire elephants (Crypt:1)
  30 dancing weapons
  3 orc high priests (Orc:2)
  7 deep troll earth magi
  3 spriggans (Depths:4)
  2 shock serpents
  17 deep elf knights
  10 hell knights
  Sonja (D:11)
  6 skysharks
  8 iron trolls
  3 sixfirhies
  8 salamander mystics
  4 shadow wraiths
  59 skeletal warriors
  A fire crab (Lair:5)
  A soul eater (Crypt:3)
  A spectral bunyip (Crypt:1)
  38 deep trolls
  8 sea snakes
  2 cherubim (Shoals:4)
  3 bunyip zombies (Crypt:3)
  A quicksilver dragon simulacrum (Depths:1)
  A spectral hydra (Crypt:1)
  An anaconda zombie (Tomb:1)
  5 flayed ghosts
  19 deep elf archers
  22 ironbound convokers
  7 bog bodies
  2 obsidian statues
  10 naga ritualists
  24 phantasmal warriors
  3 spriggan simulacra
  A spectral ice dragon (Crypt:1)
  5 orc knights
  An orange crystal statue (IceCv)
  11 wizards
  27 deep elf zephyrmancers
  A wolf spider (D:15)
  13 mana vipers
  5 necromancers
  26 deep elf pyromancers
  36 harpies
  A tengu skeleton (Vaults:2)
  11 fauns
  4 orc sorcerers
  11 manticores
  A spectral ettin (Crypt:1)
  10 cyclopes
  9 salamanders
  66 ugly things
  A spectral centaur (Crypt:1)
  An eleionoma zombie (Crypt:1)
  2 stone giant skeletons (Vaults:2)
  4 guardian serpents
  A frost giant skeleton (Depths:2)
  A titan simulacrum (Depths:2)
  11 merfolk sirens
  An alligator snapping turtle zombie (Crypt:3)
  4 dire elephant zombies
  23 naga magi
  An iron dragon skeleton (Crypt:3)
  11 vault sentinels
  7 elephants (Lair:5)
  35 black mambas
  2 orange demons
  8 water nymphs
  2 torpor snails
  A shock serpent skeleton (Crypt:1)
  A grey draconian zombie (Crypt:2)
  12 cane toads
  An alligator snapping turtle skeleton (Crypt:1)
  12 yaktaurs
  6 komodo dragons
  9 freezing wraiths
  7 rime drakes
  An unseen horror zombie (Crypt:2)
  2 ice devils
  A catoblepas skeleton (Tomb:1)
  A yaktaur skeleton (Vaults:2)
  2 harpy zombies (Crypt:3)
  5 kobold demonologists
  2 ancient zymes (WizLab)
  A red devil (WizLab)
  38 guardian mummies
  A death yak skeleton (Crypt:2)
  A hydra zombie (Crypt:3)
  16 merfolk
  A golden dragon simulacrum (IceCv)
  5 trolls
  7 wind drakes
  6 hornets
  16 blink frogs
  A harpy skeleton (Crypt:2)
  A polar bear (Lair:5)
  A stone giant simulacrum (Crypt:1)
  15 dream sheep
  9 snapping turtles
  18 flying skulls
  A culicivora (shapeshifter) (Elf:2)
  3 shadows
  2 ettin skeletons (Vaults:2)
  3 vampires
  2 dire elephant simulacra (IceCv)
  A jumping spider (Vaults:4)
  6 air elementals
  18 wraiths
  3 large abominations
  4 wyverns
  15 ushabtiu
  3 basilisks
  32 water elementals
  44 yaks
  7 fire elementals
  2 hogs (D:12)
  A chaos spawn (Depths:1)
  An elf skeleton (Vaults:2)
  A black mamba skeleton (Crypt:1)
  9 vampire mosquitoes
  3 steam dragons
  A redback (Vaults:4)
  2 starcursed masses (WizLab)
  A warg (Orc:2)
  A glowing shapeshifter zombie (Crypt:3)
  3 spatial vortices (WizLab)
  12 water moccasins
  4 acid dragons
  52 nagas
  A skyshark zombie (Crypt:3)
  6 hell hounds
  A merfolk skeleton (Crypt:1)
  A deep troll skeleton (Crypt:2)
  8 human skeletons
  37 orc warriors
  9 ice beasts
  3 black bears
  3 sky beasts
  3 ettin simulacra (IceCv)
  6 boggarts
  8 wolves
  4 ogres
  8 centaurs
  A dream sheep skeleton (Crypt:2)
  A phantom (D:6)
  5 kobold brigands
  15 bullfrogs
  10 necrophages
  5 elf zombies (Elf:1)
  2 earth elementals
  2 scorpions
  3 gnoll sergeants
  A komodo dragon skeleton (Crypt:2)
  5 wights (D:7)
  5 killer bees
  A lindwurm simulacrum (IceCv)
  A raiju skeleton (Crypt:2)
  2 electric eels
  2 howler monkeys
  A hound (D:5)
  3 human zombies
  23 orc priests
  2 wolf skeletons
  A black bear zombie (Crypt:3)
  A bullfrog skeleton (Crypt:3)
  4 gnoll boudas
  3 iguanas
  21 orc wizards
  9 hell rats
  A tengu zombie (Crypt:3)
  36 mummies
  13 gnolls
  4 river rats (Sewer)
  21 adders
  2 shadow imps
  2 white imps
  An ufetubus (D:7)
  A jelly zombie (Crypt:1)
  2 adder zombies (Ossuary)
  7 worms
  2 dart slugs
  63 orcs
  15 ball pythons
  6 bats
  An endoplasm (D:1)
  5 giant cockroaches
  4 goblins
  5 hobgoblins
  3 jackals (D:3)
  4 quokkas
  3 frilled lizards (D:1)
  3 goblin zombies
  3 hobgoblin zombies (Ossuary)
  12 kobolds
  4 kobold zombies
  2 quokka zombies (Ossuary)
  22 rats
  A rat zombie (Ossuary)
  A lurking horror (WizLab)
  2 spectral weapons
2264 creatures vanquished.

Vanquished Creatures (collateral kills)
  A mummy (Tomb:2)
1 creature vanquished.

Vanquished Creatures (others)
  A lich (Depths:3)
  A vault warden (Vaults:1)
  A formless jellyfish (Vaults:3)
  3 ironbound preservers
  A stone giant (Vaults:5)
  6 great orbs of eyes
  A rakshasa (D:15)
  A boulder beetle (Vaults:1)
  An orc high priest (Orc:2)
  3 glowing orange brains
  A deep troll (Vaults:3)
  4 ironbound convokers
  2 wizards (Vaults:4)
  An ugly thing (D:15)
  A moth of wrath (shapeshifter) (Depths:3)
  A shining eye (shapeshifter) (Vaults:5)
  An elephant (shapeshifter) (D:15)
  A merfolk siren (Shoals:4)
  3 vault sentinels
  A frost giant skeleton (Vaults:2)
  A dream sheep (Shoals:3)
  28 slime creatures
  A water elemental (Depths:2)
  A basilisk (Lair:1)
  A redback (shapeshifter) (Vaults:5)
  3 vampire mosquitoes (D:12)
  2 water moccasins
  A black bear (D:6)
  An ogre (D:15)
  2 boggarts (Vaults:2)
  A bullfrog (Sewer)
  3 killer bees (D:7)
  264 jellies
  2 orc priests (D:9)
  9 orc wizards
  A mummy (Tomb:1)
  4 gnolls
  3 adders
  2 ufetubi
  2 adder zombies (Ossuary)
  A jelly zombie (Crypt:1)
  An endoplasm (D:3)
  24 orcs
  4 ball pythons
  4 goblins
  3 hobgoblins (D:10)
  A frilled lizard (Sewer)
  A gnoll zombie (Ossuary)
  A hobgoblin zombie (Ossuary)
  A kobold zombie (Ossuary)
  A quokka zombie (Ossuary)
  5 rats (Sewer)
414 creatures vanquished.

Grand Total: 2679 creatures vanquished

Notes
Turn   | Place    | Note
-------+----------+-------------------------------------------
     0 | D:1      | BinkBink the Minotaur Monk began the quest for the Orb.
     0 | D:1      | Reached XP level 1. HP: 19/19 MP: 0/0
   109 | D:1      | Reached XP level 2. HP: 27/27 MP: 1/1
   334 | D:1      | Reached skill level 1 in Armour
   399 | D:1      | Found a faded altar of an unknown god.
   660 | D:1      | Prayed at the altar of an unknown god.
   660 | D:1      | Became a worshipper of Jiyva Jegehem the Shapeless
   660 | D:1      | Reached * piety under Jiyva
   660 | D:1      | Reached ** piety under Jiyva
   865 | D:1      | Reached *** piety under Jiyva
   996 | D:2      | Reached XP level 3. HP: 28/33 MP: 2/2
  1179 | D:2      | Gained mutation: Your melee attacks may engulf your foes in
                  | ooze. [Jiyva's grace]
  1179 | D:2      | Gained mutation: You are strong-willed. (Will+) [Jiyva's
                  | grace]
  1179 | D:2      | Gained mutation: You are highly strong-willed. (Will++)
                  | [Jiyva's grace]
  1179 | D:2      | Gained mutation: You are extremely strong-willed. (Will+++)
                  | [Jiyva's grace]
  1307 | D:2      | Found a glowing golden altar of the Shining One.
  1663 | D:3      | Reached XP level 4. HP: 25/40 MP: 3/3
  1715 | D:3      | Reached **** piety under Jiyva
  1725 | D:3      | Identified the +1 sling "Demonslayer" {speed, rF+}
  2127 | D:3      | Found a blossoming altar of Fedhas.
  2129 | D:3      | Reached ***** piety under Jiyva
  2340 | D:4      | Noticed a scorpion
  2345 | D:4      | Killed a scorpion
  2346 | D:4      | Reached skill level 5 in Axes
  2346 | D:4      | Reached XP level 5. HP: 34/47 MP: 4/4
  2440 | D:4      | Found a glowing drain.
  2467 | Sewer    | Entered a sewer
  2608 | Sewer    | Reached XP level 6. HP: 50/55 MP: 5/5
  2679 | Sewer    | Reached skill level 5 in Fighting
  2743 | D:4      | Lost mutation: You are extremely strong-willed. (Will+++)
                  | [Jiyva's grace]
  2743 | D:4      | Lost mutation: You are highly strong-willed. (Will++)
                  | [Jiyva's grace]
  2743 | D:4      | Gained mutation: You have a pair of large horns on your
                  | head. [Jiyva's grace]
  2743 | D:4      | Gained mutation: Your system is resistant to poisons.
                  | (rPois) [Jiyva's grace]
  2743 | D:4      | Gained mutation: You are highly strong-willed. (Will++)
                  | [Jiyva's grace]
  2743 | D:4      | Gained mutation: You are extremely strong-willed. (Will+++)
                  | [Jiyva's grace]
  2755 | D:4      | Noticed Beaer's ghost (amateur OpFi)
  2765 | D:4      | Found a staircase to the Ecumenical Temple.
  2788 | D:4      | Found a runed translucent gate.
  2789 | D:4      | Found a runed translucent gate.
  2790 | D:4      | Found a runed translucent gate.
  2858 | D:4      | Found an iron altar of Okawaru.
  3032 | D:4      | Found a stormy altar of Qazlal.
  3035 | D:4      | Found a radiant altar of Vehumet.
  3050 | D:4      | Found an ancient bone altar of Kikubaaqudgha.
  3057 | D:4      | Found an ornate altar of the Wu Jian Council.
  3299 | D:5      | Entered Level 5 of the Dungeon
  3567 | D:5      | Reached skill level 5 in Dodging
  3567 | D:5      | Reached XP level 7. HP: 61/61 MP: 6/6
  4067 | D:6      | Found a sand-covered staircase.
  4075 | Ossuary  | Entered an ossuary
  4209 | D:6      | Reached ****** piety under Jiyva
  4263 | D:6      | Reached XP level 8. HP: 66/70 MP: 7/7
  4310 | D:6      | Found a glowing golden altar of the Shining One.
  4357 | D:6      | Reached skill level 5 in Armour
  4455 | D:6      | You fall into a shaft and drop 2 floors!
  4541 | D:8      | Found a sparkling altar of Nemelex Xobeh.
  4945 | D:7      | Reached XP level 9. HP: 79/79 MP: 8/8
  4995 | D:7      | Reached skill level 10 in Axes
  5092 | D:7      | Found a shimmering altar of Xom.
  5150 | D:7      | Found a blossoming altar of Fedhas.
  5152 | D:7      | Found a shadowy altar of Dithmenos.
  5285 | D:7      | Reached XP level 10. HP: 86/90 MP: 9/9
  5504 | D:6      | Gained mutation: You are partially covered in large bone
                  | plates. (SH +4) [Jiyva's grace]
  5504 | D:6      | Gained mutation: You are mostly covered in large bone
                  | plates. (SH +6) [Jiyva's grace]
  5504 | D:6      | Gained mutation: You are completely covered in large bone
                  | plates. (SH +8) [Jiyva's grace]
  5504 | D:6      | Gained mutation: You have hidden genetic potential.
                  | [Jiyva's grace]
  5807 | D:9      | Found Yfosati's Book Emporium.
  6165 | D:9      | Paralysed by a hornet for 3 turns
  6373 | D:10     | Entered Level 10 of the Dungeon
  6387 | D:10     | Identified the +1 rapier "Towabuek" {spect, rC+ Will-
                  | Str+4}
  6532 | D:10     | Found a shimmering altar of Xom.
  6635 | D:10     | Noticed a two-headed ogre
  6644 | D:10     | Killed a two-headed ogre
  6673 | D:10     | Noticed a centaur warrior
  6688 | D:10     | Killed a centaur warrior
  6689 | D:10     | Reached XP level 11. HP: 79/99 MP: 10/10
  6708 | D:10     | Gained mutation: You have an increased reservoir of magic.
                  | (+10% MP) [hidden potential]
  6898 | D:10     | Noticed a two-headed ogre
  6918 | D:10     | Killed a two-headed ogre
  6919 | D:10     | Reached skill level 10 in Fighting
  7081 | D:10     | Noticed a centaur warrior
  7094 | D:10     | Killed a centaur warrior
  7138 | D:10     | Identified the +1 spear of Qirphonav {venom, rC+ rN+ Will-
                  | Int+4}
  7138 | D:10     | Noticed a centaur warrior
  7148 | D:10     | Killed a centaur warrior
  7156 | D:10     | Identified the +12 chain mail of the Other World {Drain
                  | rElec rCorr}
  7156 | D:10     | Noticed a skeletal warrior
  7197 | D:10     | Killed a skeletal warrior
  7224 | D:10     | Noticed a cyan ugly thing
  7228 | D:10     | Killed a cyan ugly thing
  7229 | D:10     | Reached skill level 10 in Armour
  7238 | D:10     | Reached skill level 10 in Dodging
  7259 | D:10     | Noticed a wizard
  7273 | D:10     | Killed a wizard
  7534 | D:11     | Reached skill level 15 in Axes
  7541 | D:11     | Reached XP level 12. HP: 109/110 MP: 12/12
  7550 | D:11     | Gained mutation: You expend magic power (3 MP) to
                  | strengthen your wands. [hidden potential]
  7550 | D:11     | Lost mutation: You have hidden genetic potential. [hidden
                  | potential expressed]
  7619 | D:11     | Found a staircase to the Lair.
  7728 | D:11     | Found a staircase to the Orcish Mines.
  7754 | D:11     | Lost mutation: You are completely covered in large bone
                  | plates. (SH +8) [Jiyva's grace]
  7754 | D:11     | Lost mutation: You are extremely strong-willed. (Will+++)
                  | [Jiyva's grace]
  7754 | D:11     | Gained mutation: You passively map a small area around you.
                  | [Jiyva's grace]
  7754 | D:11     | Gained mutation: You passively map the area around you.
                  | [Jiyva's grace]
  7754 | D:11     | Gained mutation: You passively map a large area around you.
                  | [Jiyva's grace]
  7754 | D:11     | Gained mutation: You possess an exceptional clarity of
                  | mind. [Jiyva's grace]
  7917 | Orc:1    | Entered Level 1 of the Orcish Mines
  8029 | Orc:1    | You fall into a shaft and drop 1 floor!
  8029 | Orc:2    | Entered Level 2 of the Orcish Mines
  8029 | Orc:2    | Noticed an orc high priest
  8100 | Orc:2    | Found a staircase to the Elven Halls.
  8210 | Orc:2    | Noticed an orc warlord
  8237 | Orc:2    | Killed an orc warlord
  8278 | Orc:2    | Noticed an orc high priest
  8288 | Orc:2    | Killed an orc high priest
  8296 | Orc:2    | Killed an orc high priest
  8298 | Orc:2    | Noticed an orc high priest
  8312 | Orc:2    | Killed an orc high priest
  8485 | Orc:2    | Noticed an orc high priest
  8491 | Orc:2    | Killed an orc high priest
  8494 | Orc:2    | Reached XP level 13. HP: 119/119 MP: 13/13
  8574 | Orc:2    | Found Cob Ang's Antique Armour Shoppe.
  8575 | Orc:2    | Found Wifung's Antique Weapon Shoppe.
  8576 | Orc:2    | Found Bousiuss's General Store.
  8576 | Orc:2    | Found Karipne's Jewellery Emporium.
  8590 | Orc:2    | Bought a glowing cloak for 232 gold pieces
  8844 | Lair:1   | Entered Level 1 of the Lair of Beasts
  9078 | Lair:1   | Lost mutation: You passively map a large area around you.
                  | [Jiyva's grace]
  9078 | Lair:1   | Gained mutation: You have a small jelly attached to you
                  | that may absorb projectiles. [Jiyva's grace]
  9078 | Lair:1   | Gained mutation: You have acidic saliva. [Jiyva's grace]
  9078 | Lair:1   | Gained mutation: Your flesh is cold resistant. (rC+)
                  | [Jiyva's grace]
  9078 | Lair:1   | Gained mutation: Your flesh is very cold resistant. (rC++)
                  | [Jiyva's grace]
  9295 | Lair:2   | Found a blossoming altar of Fedhas.
  9513 | Lair:2   | Found a staircase to the Snake Pit.
 10182 | Lair:3   | Found a staircase to the Shoals.
 10445 | Lair:3   | Lost mutation: Your flesh is very cold resistant. (rC++)
                  | [Jiyva's grace]
 10445 | Lair:3   | Gained mutation: You are robust. (+10% HP) [Jiyva's grace]
 10445 | Lair:3   | Gained mutation: You are very robust. (+20% HP) [Jiyva's
                  | grace]
 10445 | Lair:3   | Gained mutation: You are extremely robust. (+30% HP)
                  | [Jiyva's grace]
 10445 | Lair:3   | Gained mutation: Your body has grown eyes which may confuse
                  | attackers. (Acc +3) [Jiyva's grace]
 10744 | Lair:4   | Noticed Josephine
 10754 | Lair:4   | Killed Josephine
 10762 | Lair:4   | Found a staircase to the Slime Pits.
 10762 | Lair:4   | Found a viscous altar of Jiyva.
 11048 | Lair:4   | Reached XP level 14. HP: 169/169 MP: 14/14
 11375 | Lair:5   | Entered Level 5 of the Lair of Beasts
 11823 | Lair:5   | Lost mutation: You have an increased reservoir of magic.
                  | (+10% MP) [Jiyva's grace]
 11823 | Lair:5   | Lost mutation: You passively map the area around you.
                  | [Jiyva's grace]
 11823 | Lair:5   | Lost mutation: Your system is resistant to poisons. (rPois)
                  | [Jiyva's grace]
 11823 | Lair:5   | Lost mutation: You are extremely robust. (+30% HP) [Jiyva's
                  | grace]
 11823 | Lair:5   | Gained mutation: You are covered in slimy tendrils that may
                  | disarm your opponents. [Jiyva's grace]
 11823 | Lair:5   | Gained mutation: You are agile. (Dex +4, Str/Int -1)
                  | [Jiyva's grace]
 11823 | Lair:5   | Gained mutation: You are very agile. (Dex +8, Str/Int -2)
                  | [Jiyva's grace]
 11823 | Lair:5   | Gained mutation: You are partially covered in iridescent
                  | scales. (AC +2) [Jiyva's grace]
 12038 | Lair:5   | Found the +8 trident of the Octopus King {venom, rElec
                  | rPois}
 12558 | Slime:1  | Entered Level 1 of the Pits of Slime
 12562 | Slime:1  | Noticed an acid blob
 12591 | Slime:1  | Noticed an acid blob
 12844 | Slime:2  | Noticed an azure jelly
 12876 | Slime:2  | Noticed a formless jellyfish
 12877 | Slime:2  | Noticed an azure jelly
 12880 | Slime:2  | Noticed an acid blob
 12880 | Slime:2  | Noticed a formless jellyfish
 12884 | Slime:2  | Noticed a formless jellyfish
 12901 | Slime:2  | Noticed an azure jelly
 13173 | Slime:3  | Noticed a quicksilver ooze
 13182 | Slime:3  | Noticed an azure jelly
 13184 | Slime:3  | Noticed a quicksilver ooze
 13190 | Slime:3  | Noticed an azure jelly
 13192 | Slime:3  | Noticed an acid blob
 13200 | Slime:3  | Noticed a rockslime
 13211 | Slime:3  | Noticed an azure jelly
 13307 | Slime:3  | Noticed an acid blob
 13468 | Slime:4  | Noticed a rockslime
 13479 | Slime:4  | Noticed a quicksilver ooze
 13491 | Slime:4  | Noticed an azure jelly
 13505 | Slime:4  | Noticed a rockslime
 13552 | Slime:4  | Noticed an azure jelly
 13591 | Slime:4  | Noticed a quicksilver ooze
 13887 | Slime:5  | Entered Level 5 of the Pits of Slime
 13894 | Slime:5  | Noticed an acid blob
 13902 | Slime:5  | Noticed a quicksilver ooze
 13905 | Slime:5  | Noticed an acid blob
 13907 | Slime:5  | Noticed an acid blob
 13930 | Slime:5  | Noticed an acid blob
 13940 | Slime:5  | Noticed an acid blob
 13950 | Slime:5  | Noticed an acid blob
 13950 | Slime:5  | Noticed a rockslime
 13961 | Slime:5  | Noticed an acid blob
 13972 | Slime:5  | Noticed an acid blob
 13991 | Slime:5  | Noticed an acid blob
 13996 | Slime:5  | Noticed an acid blob
 14062 | Slime:5  | Noticed a rockslime
 14062 | Slime:5  | Noticed a quicksilver ooze
 14069 | Slime:5  | Noticed the Royal Jelly
 14073 | Slime:5  | Noticed a quicksilver ooze
 14085 | Slime:5  | Noticed a rockslime
 14142 | Slime:5  | Noticed an acid blob
 14151 | Slime:5  | Found a viscous altar of Jiyva.
 14151 | Slime:5  | Noticed an acid blob
 14153 | Slime:5  | Noticed an azure jelly
 14155 | Slime:5  | Noticed an acid blob
 14164 | Slime:5  | Identified the +1 orcbow "Acifeo Keeto" {freeze, rPois
                  | Will+ Int+3}
 14165 | Slime:5  | Identified the +10 dagger "Yberanei" {drain, Dex+3}
 14169 | Slime:5  | Got a slimy rune of Zot
 14170 | Slime:5  | Identified the amulet "Tom Niq" {Reflect Harm Drain rC-
                  | Dex+6 SH+5}
 14175 | Slime:5  | Got a tattered book
 14179 | Slime:5  | Identified the +7 short sword of Suz Etar {heavy, rElec rF-
                  | Int+2}
 14180 | Slime:5  | Identified the +0 chain mail of Pragmatism {Str+6}
 14231 | Slime:5  | Noticed a rockslime
 14340 | Snake:1  | Entered Level 1 of the Snake Pit
 14623 | Snake:1  | Found a frozen archway.
 14639 | IceCv    | Entered an ice cave
 14639 | IceCv    | Noticed a white very ugly thing
 14651 | IceCv    | Found a transporter.
 14652 | IceCv    | Noticed a white very ugly thing
 14655 | IceCv    | Found a transporter.
 14662 | IceCv    | Killed a white very ugly thing
 14710 | IceCv    | Killed a white very ugly thing
 14724 | IceCv    | Identified the ring "Guyci" {rElec rC+}
 14895 | Snake:1  | Reached XP level 15. HP: 166/166 MP: 14/14
 14897 | Snake:1  | Reached skill level 15 in Fighting
 15468 | Snake:1  | Reached skill level 15 in Armour
 16020 | Snake:2  | Lost mutation: You have a pair of large horns on your head.
                  | [Jiyva's grace]
 16020 | Snake:2  | Lost mutation: You are mostly covered in large bone plates.
                  | (SH +6) [Jiyva's grace]
 16020 | Snake:2  | Lost mutation: You are very agile. (Dex +8, Str/Int -2)
                  | [Jiyva's grace]
 16020 | Snake:2  | Lost mutation: You passively map a small area around you.
                  | [Jiyva's grace]
 16020 | Snake:2  | Lost mutation: You are very robust. (+20% HP) [Jiyva's
                  | grace]
 16020 | Snake:2  | Lost mutation: You expend magic power (3 MP) to strengthen
                  | your wands. [Jiyva's grace]
 16020 | Snake:2  | Gained mutation: You have a pair of large horns on your
                  | head. [Jiyva's grace]
 16020 | Snake:2  | Gained mutation: Your natural rate of healing is unusually
                  | fast. [Jiyva's grace]
 16020 | Snake:2  | Gained mutation: You heal very quickly. [Jiyva's grace]
 16020 | Snake:2  | Gained mutation: You regenerate. [Jiyva's grace]
 16871 | Snake:2  | Noticed a nagaraja
 16879 | Snake:2  | Killed a nagaraja
 17363 | Snake:3  | Reached skill level 15 in Dodging
 17633 | Snake:3  | Found a shimmering altar of Xom.
 17798 | Snake:3  | Reached XP level 16. HP: 123/169 MP: 15/15
 18012 | Snake:3  | Lost mutation: You have a pair of large horns on your head.
                  | [Jiyva's grace]
 18012 | Snake:3  | Lost mutation: Your flesh is cold resistant. (rC+) [Jiyva's
                  | grace]
 18012 | Snake:3  | Lost mutation: You are covered in slimy tendrils that may
                  | disarm your opponents. [Jiyva's grace]
 18012 | Snake:3  | Gained mutation: Your mind is acute. (Int +4, Str/Dex -1)
                  | [Jiyva's grace]
 18012 | Snake:3  | Gained mutation: Your mind is very acute. (Int +8, Str/Dex
                  | -2) [Jiyva's grace]
 18012 | Snake:3  | Gained mutation: You are covered in slimy tendrils that may
                  | disarm your opponents. [Jiyva's grace]
 18012 | Snake:3  | Gained mutation: Your body has grown many eyes which may
                  | confuse attackers. (Acc +5) [Jiyva's grace]
 18124 | Snake:3  | Noticed Jorgrun
 18134 | Snake:3  | Killed Jorgrun
 18444 | Snake:4  | Entered Level 4 of the Snake Pit
 18743 | Snake:4  | Identified the +0 leather armour of the Weaver {rElec rN+
                  | Regen+}
 19554 | Snake:4  | Got a serpentine rune of Zot
 19623 | Snake:4  | Found Oqassuyz's Jewellery Shoppe.
 19623 | Snake:4  | Found Afiubl Ahah's Book Shop.
 19624 | Snake:4  | Found Ruraj's Book Shop.
 20019 | Elf:1    | Entered Level 1 of the Elven Halls
 20343 | D:12     | Noticed Kirke
 20351 | D:12     | Killed Kirke
 20438 | D:12     | Noticed Azrael
 20450 | D:12     | Killed Azrael
 20575 | D:11     | Found Baabout's Magic Scroll Emporium.
 20581 | D:11     | Bought a scroll of identify for 28 gold pieces
 20581 | D:11     | Bought a scroll of identify for 28 gold pieces
 20581 | D:11     | Bought a scroll of identify for 28 gold pieces
 20599 | D:11     | Noticed Sonja
 20605 | D:11     | Killed Sonja
 20606 | D:11     | Reached XP level 17. HP: 182/182 MP: 16/16
 20862 | D:13     | Found Meiczug's Tremendous Tomes.
 20954 | D:13     | Lost mutation: You possess an exceptional clarity of mind.
                  | [Jiyva's grace]
 20954 | D:13     | Lost mutation: You are highly strong-willed. (Will++)
                  | [Jiyva's grace]
 20954 | D:13     | Lost mutation: You regenerate. [Jiyva's grace]
 20954 | D:13     | Lost mutation: You are covered in slimy tendrils that may
                  | disarm your opponents. [Jiyva's grace]
 20954 | D:13     | Lost mutation: You have a small jelly attached to you that
                  | may absorb projectiles. [Jiyva's grace]
 20954 | D:13     | Gained mutation: You have a small jelly attached to you
                  | that may absorb projectiles. [Jiyva's grace]
 20954 | D:13     | Gained mutation: Armour fits poorly on your pseudopods.
                  | [Jiyva's grace]
 20954 | D:13     | Gained mutation: Armour fits poorly on your large
                  | pseudopods. [Jiyva's grace]
 20954 | D:13     | Gained mutation: Armour fits poorly on your massive
                  | pseudopods. [Jiyva's grace]
 21856 | D:14     | Found a gate to the Vaults.
 21926 | D:14     | Noticed Frances
 21953 | D:14     | Killed Frances
 22100 | D:15     | Entered Level 15 of the Dungeon
 22136 | D:15     | Found Ticeri's Weapon Boutique.
 22205 | D:15     | Found Xiom's Jewellery Shoppe.
 22214 | D:15     | Bought a ring of flight for 245 gold pieces
 22284 | D:15     | Lost mutation: You are partially covered in large bone
                  | plates. (SH +4) [Jiyva's grace]
 22284 | D:15     | Lost mutation: You are agile. (Dex +4, Str/Int -1) [Jiyva's
                  | grace]
 22284 | D:15     | Lost mutation: You have acidic saliva. [Jiyva's grace]
 22284 | D:15     | Lost mutation: Armour fits poorly on your massive
                  | pseudopods. [Jiyva's grace]
 22284 | D:15     | Gained mutation: You expend magic power (3 MP) to
                  | strengthen your wands. [Jiyva's grace]
 22284 | D:15     | Gained mutation: You are covered in slimy tendrils that may
                  | disarm your opponents. [Jiyva's grace]
 22284 | D:15     | Gained mutation: Your rubbery body absorbs attacks. (AC +1,
                  | EV +1) [Jiyva's grace]
 22284 | D:15     | Gained mutation: Your pliable body absorbs attacks. (AC +2,
                  | EV +2) [Jiyva's grace]
 22555 | D:15     | Found a staircase to the Depths.
 22654 | D:15     | Found Xegi's Weapon Shoppe.
 22689 | D:15     | Found Imoletzo's Book Emporium.
 22798 | D:15     | Found Xaiqint's Assorted Antiques.
 22855 | D:15     | Noticed Louise
 22862 | D:15     | Killed Louise
 23014 | D:15     | Noticed Agnes
 23021 | D:15     | Killed Agnes
 23494 | Elf:1    | Paralysed by an air elemental for 1 turns
 23627 | Elf:1    | Found Xoagh's Antique Armour Shop.
 23810 | Elf:1    | Got a moth-eaten book
 23927 | Elf:1    | Reached XP level 18. HP: 195/195 MP: 17/17
 24079 | Elf:2    | Lost mutation: Your mind is very acute. (Int +8, Str/Dex
                  | -2) [Jiyva's grace]
 24079 | Elf:2    | Lost mutation: Your mind is acute. (Int +4, Str/Dex -1)
                  | [Jiyva's grace]
 24079 | Elf:2    | Lost mutation: You heal very quickly. [Jiyva's grace]
 24079 | Elf:2    | Lost mutation: Your body has grown many eyes which may
                  | confuse attackers. (Acc +5) [Jiyva's grace]
 24079 | Elf:2    | Lost mutation: Your pliable body absorbs attacks. (AC +2,
                  | EV +2) [Jiyva's grace]
 24079 | Elf:2    | Lost mutation: Your rubbery body absorbs attacks. (AC +1,
                  | EV +1) [Jiyva's grace]
 24079 | Elf:2    | Lost mutation: Armour fits poorly on your large pseudopods.
                  | [Jiyva's grace]
 24079 | Elf:2    | Lost mutation: You are covered in slimy tendrils that may
                  | disarm your opponents. [Jiyva's grace]
 24079 | Elf:2    | Gained mutation: Your translucent skin slightly reduces
                  | your foes' accuracy. (Stealth+) [Jiyva's grace]
 24079 | Elf:2    | Gained mutation: Your translucent skin reduces your foes'
                  | accuracy. (Stealth+) [Jiyva's grace]
 24079 | Elf:2    | Gained mutation: Your transparent skin significantly
                  | reduces your foes' accuracy. (Stealth+) [Jiyva's grace]
 24079 | Elf:2    | Gained mutation: You have hidden genetic potential.
                  | [Jiyva's grace]
 24208 | Elf:2    | Paralysed by an air elemental for 1 turns
 24348 | Elf:2    | Found a runed translucent gate.
 24349 | Elf:2    | Found a runed translucent gate.
 24349 | Elf:2    | Found a runed translucent gate.
 24984 | Elf:3    | Entered Level 3 of the Elven Halls
 25093 | Elf:3    | Found Piyh's Distillery.
 25297 | Elf:3    | Identified the +3 chain mail "Ysemosm" {rElec Will+ Regen+}
 25324 | Elf:3    | Noticed an Ice Fiend
 25947 | Elf:3    | Identified the +5 morningstar "Meovibuy" {freeze, rCorr
                  | Str+3 Int+3}
 26165 | Elf:3    | Identified the ring of Xafotso {*Corrode rElec Slay+3 SInv}
 26171 | Elf:3    | Noticed a Hell Sentinel
 26195 | Elf:3    | Noticed a Brimstone Fiend
 26202 | Elf:3    | Noticed a Tzitzimitl
 26318 | Elf:3    | Identified the +0 rapier of Contradiction {heavy, rN+
                  | Dex+6}
 26324 | Elf:3    | Noticed a Tzitzimitl
 26326 | Elf:3    | Reached XP level 19. HP: 193/207 MP: 18/18
 26378 | Elf:3    | Got an exquisite book
 26380 | Elf:3    | Got a gaudy book
 26405 | Elf:3    | Got a graven book
 26425 | Elf:3    | Identified the +0 pair of gloves "Zoq Wocwu" {rN+ Regen+
                  | Int+3}
 26477 | Elf:3    | Identified the +5 sling "Mapnoha Waca" {speed, rElec MP-9
                  | Int+2}
 26701 | Shoals:1 | Entered Level 1 of the Shoals
 26701 | Shoals:1 | Lost mutation: You are partially covered in iridescent
                  | scales. (AC +2) [Jiyva's grace]
 26701 | Shoals:1 | Lost mutation: You are strong-willed. (Will+) [Jiyva's
                  | grace]
 26701 | Shoals:1 | Lost mutation: Armour fits poorly on your pseudopods.
                  | [Jiyva's grace]
 26701 | Shoals:1 | Lost mutation: Your transparent skin significantly reduces
                  | your foes' accuracy. (Stealth+) [Jiyva's grace]
 26701 | Shoals:1 | Lost mutation: Your translucent skin reduces your foes'
                  | accuracy. (Stealth+) [Jiyva's grace]
 26701 | Shoals:1 | Gained mutation: Your flesh is heat resistant. (rF+)
                  | [Jiyva's grace]
 26701 | Shoals:1 | Gained mutation: Your flesh is very heat resistant. (rF++)
                  | [Jiyva's grace]
 26701 | Shoals:1 | Gained mutation: Your flesh is almost immune to the effects
                  | of heat. (rF+++) [Jiyva's grace]
 26701 | Shoals:1 | Gained mutation: You have a pair of large horns on your
                  | head. [Jiyva's grace]
 26713 | Lair:3   | Gained mutation: You are resistant to electric shocks.
                  | (rElec) [hidden potential]
 26843 | Shoals:1 | Noticed Donald
 26853 | Shoals:1 | Killed Donald
 26858 | Shoals:1 | Found Suepsett's Vocational Training.
 26860 | Shoals:1 | Found Waixutag's Distillery.
 26878 | Shoals:1 | Bought a potion of degeneration for 14 gold pieces
 27104 | Shoals:1 | Found Pequd's General Store.
 27673 | Shoals:2 | Found a runed translucent door.
 27701 | Shoals:2 | Noticed Polyphemus
 27722 | Shoals:2 | Killed Polyphemus
 28063 | Shoals:2 | Identified the +2 sling of the Ship {antimagic, rElec rF-
                  | rCorr Int+3 Dex+3}
 28101 | Shoals:2 | Identified the staff "Ewnuf" {rC- rN+ Will+ rCorr Int+4
                  | Necro}
 28212 | Shoals:3 | Lost mutation: You have a pair of large horns on your head.
                  | [Jiyva's grace]
 28212 | Shoals:3 | Lost mutation: Your flesh is almost immune to the effects
                  | of heat. (rF+++) [Jiyva's grace]
 28212 | Shoals:3 | Lost mutation: Your flesh is very heat resistant. (rF++)
                  | [Jiyva's grace]
 28212 | Shoals:3 | Lost mutation: Your translucent skin slightly reduces your
                  | foes' accuracy. (Stealth+) [Jiyva's grace]
 28212 | Shoals:3 | Lost mutation: You have a small jelly attached to you that
                  | may absorb projectiles. [Jiyva's grace]
 28212 | Shoals:3 | Gained mutation: You have great hidden genetic potential.
                  | [Jiyva's grace]
 28212 | Shoals:3 | Gained mutation: You have an increased reservoir of magic.
                  | (+10% MP) [Jiyva's grace]
 28212 | Shoals:3 | Gained mutation: You have a considerably increased
                  | reservoir of magic. (+20% MP) [Jiyva's grace]
 28212 | Shoals:3 | Gained mutation: You have a greatly increased reservoir of
                  | magic. (+30% MP) [Jiyva's grace]
 28314 | Shoals:3 | Noticed Ilsuiw
 28350 | Shoals:3 | Killed Ilsuiw
 28884 | Shoals:4 | Entered Level 4 of the Shoals
 28947 | Shoals:4 | Found a glowing silver altar of Zin.
 29099 | Shoals:4 | Found a white marble altar of Elyvilon.
 29287 | Shoals:4 | Found a glowing golden altar of the Shining One.
 29295 | Shoals:4 | Reached XP level 20. HP: 181/221 MP: 25/25
 29322 | Shoals:4 | Got a barnacled rune of Zot
 29359 | Shoals:4 | Gained mutation: You are agile. (Dex +4, Str/Int -1)
                  | [hidden potential]
 29359 | Shoals:4 | Lost mutation: You have great hidden genetic potential.
                  | [hidden potential expressed]
 29749 | Vaults:1 | Entered Level 1 of the Vaults
 29797 | Vaults:1 | Found Rapic's Distillery.
 29806 | Vaults:1 | Bought a potion of heal wounds for 70 gold pieces
 29819 | Vaults:1 | Lost mutation: Your natural rate of healing is unusually
                  | fast. [Jiyva's grace]
 29819 | Vaults:1 | Lost mutation: You are robust. (+10% HP) [Jiyva's grace]
 29819 | Vaults:1 | Lost mutation: You have hidden genetic potential. [Jiyva's
                  | grace]
 29819 | Vaults:1 | Lost mutation: You expend magic power (3 MP) to strengthen
                  | your wands. [Jiyva's grace]
 29819 | Vaults:1 | Gained mutation: Your flesh is cold resistant. (rC+)
                  | [Jiyva's grace]
 29819 | Vaults:1 | Gained mutation: Your flesh is very cold resistant. (rC++)
                  | [Jiyva's grace]
 29819 | Vaults:1 | Gained mutation: Your flesh is almost immune to the effects
                  | of cold. (rC+++) [Jiyva's grace]
 29819 | Vaults:1 | Gained mutation: You possess an exceptional clarity of
                  | mind. [Jiyva's grace]
 29837 | Vaults:1 | Found Jothexo's Weapon Boutique.
 29848 | Vaults:1 | Found Kanamomopi's Book Boutique.
 30137 | Vaults:1 | Found Giesh's Antique Weapon Shoppe.
 30138 | Vaults:1 | Found Ledib's Antique Weapon Shop.
 31008 | Vaults:2 | Noticed Asterion
 31014 | Vaults:2 | Killed Asterion
 31247 | Vaults:2 | Lost mutation: You have a greatly increased reservoir of
                  | magic. (+30% MP) [Jiyva's grace]
 31247 | Vaults:2 | Lost mutation: Your body has grown eyes which may confuse
                  | attackers. (Acc +3) [Jiyva's grace]
 31247 | Vaults:2 | Gained mutation: You are partially covered in large bone
                  | plates. (SH +4) [Jiyva's grace]
 31247 | Vaults:2 | Gained mutation: You are mostly covered in large bone
                  | plates. (SH +6) [Jiyva's grace]
 31247 | Vaults:2 | Gained mutation: You are completely covered in large bone
                  | plates. (SH +8) [Jiyva's grace]
 31247 | Vaults:2 | Gained mutation: You have acidic saliva. [Jiyva's grace]
 31326 | Vaults:2 | Found a magical portal.
 31407 | WizLab   | Entered The Roulette of Golubria
 31407 | WizLab   | Found a transporter.
 31410 | WizLab   | Found a corrupted altar of Lugonu.
 31440 | WizLab   | Found a transporter.
 31506 | WizLab   | Found a transporter.
 31614 | WizLab   | Found a transporter.
 31614 | WizLab   | Found a transporter.
 31735 | WizLab   | Found a transporter.
 31780 | WizLab   | Found a transporter.
 31833 | WizLab   | Found a transporter.
 31877 | WizLab   | Got a ragged book
 31883 | WizLab   | Found a transporter.
 31883 | WizLab   | Found a transporter.
 31902 | WizLab   | Got an odd book
 31910 | WizLab   | Found a transporter.
 31910 | WizLab   | Found a transporter.
 31911 | WizLab   | Found a corrupted altar of Lugonu.
 31937 | WizLab   | Found a transporter.
 31937 | WizLab   | Found a transporter.
 31962 | WizLab   | Found a transporter.
 31962 | WizLab   | Found a transporter.
 31976 | WizLab   | Identified the +2 cloak of the Dungeon {rN+}
 31981 | WizLab   | Identified the +2 cloak of Leaves {Str+3}
 31996 | WizLab   | Identified the +1 cloak of the Akabeko {Will+ Dex+7 Stlth+}
 32027 | WizLab   | Found a transporter.
 32027 | WizLab   | Found a transporter.
 32072 | WizLab   | Found a transporter.
 32072 | WizLab   | Found a transporter.
 32072 | WizLab   | Found a corrupted altar of Lugonu.
 32266 | Vaults:2 | Identified an amulet of Fuall {Acrobat rC++ Will+}
 32280 | Vaults:2 | Identified the +6 scimitar "Z" {flame, rElec}
 32471 | Vaults:2 | Reached XP level 21. HP: 193/212 MP: 24/24
 32750 | Vaults:2 | Found a staircase to the Crypt.
 33290 | Vaults:3 | Lost mutation: You are completely covered in large bone
                  | plates. (SH +8) [Jiyva's grace]
 33290 | Vaults:3 | Lost mutation: You have a considerably increased reservoir
                  | of magic. (+20% MP) [Jiyva's grace]
 33290 | Vaults:3 | Lost mutation: You are resistant to electric shocks.
                  | (rElec) [Jiyva's grace]
 33290 | Vaults:3 | Gained mutation: You are strong-willed. (Will+) [Jiyva's
                  | grace]
 33290 | Vaults:3 | Gained mutation: You are highly strong-willed. (Will++)
                  | [Jiyva's grace]
 33290 | Vaults:3 | Gained mutation: You are extremely strong-willed. (Will+++)
                  | [Jiyva's grace]
 33290 | Vaults:3 | Gained mutation: Your movements are slightly less
                  | encumbered by armour. (ER -2) [Jiyva's grace]
 34732 | Vaults:5 | Entered Level 5 of the Vaults
 34819 | Vaults:5 | Reached XP level 22. HP: 203/224 MP: 23/23
 34901 | Vaults:5 | Found the +7 sceptre of Torment {pain, torment}
 34965 | Vaults:5 | Lost mutation: You are mostly covered in large bone plates.
                  | (SH +6) [Jiyva's grace]
 34965 | Vaults:5 | Lost mutation: Your flesh is almost immune to the effects
                  | of cold. (rC+++) [Jiyva's grace]
 34965 | Vaults:5 | Lost mutation: You have an increased reservoir of magic.
                  | (+10% MP) [Jiyva's grace]
 34965 | Vaults:5 | Lost mutation: You are extremely strong-willed. (Will+++)
                  | [Jiyva's grace]
 34965 | Vaults:5 | Lost mutation: You have acidic saliva. [Jiyva's grace]
 34965 | Vaults:5 | Lost mutation: Your movements are slightly less encumbered
                  | by armour. (ER -2) [Jiyva's grace]
 34965 | Vaults:5 | Gained mutation: You are somewhat resistant to further
                  | mutation. [Jiyva's grace]
 34965 | Vaults:5 | Gained mutation: You are somewhat resistant to both further
                  | mutation and mutation removal. [Jiyva's grace]
 34965 | Vaults:5 | Gained mutation: You are almost entirely resistant to
                  | further mutation and mutation removal. [Jiyva's grace]
 34965 | Vaults:5 | Gained mutation: Your translucent skin slightly reduces
                  | your foes' accuracy. (Stealth+) [Jiyva's grace]
 34994 | Vaults:5 | Identified the +3 dagger of Exquisite Torment {venom, Drain
                  | *Slow MP+9 Stlth+}
 35058 | Vaults:5 | Identified the +4 fire dragon scales of the Sailor {Drain
                  | rF++ rC- Str+3 Dex+7 Stlth+}
 35117 | Vaults:5 | Found Kiatoa's Magic Scroll Shoppe.
 35124 | Vaults:5 | Got a resplendent book
 35125 | Vaults:5 | Identified the +2 helmet of Jaqeanao {rC+ Stlth+}
 35181 | Vaults:5 | Identified the +3 dagger "Obbiylim" {heavy, rElec}
 35337 | Vaults:5 | Found the +2 hat of the Bear Spirit {Spirit, Bear, *Rage
                  | Will++}
 35373 | Vaults:5 | Identified a scroll of acquirement
 35428 | Vaults:5 | Identified the +8 morningstar "Bameeg" {venom, rN++ Str+2
                  | Dex-3 Stlth+}
 35430 | Vaults:5 | Noticed a golden dragon
 35441 | Vaults:5 | Killed a golden dragon
 35625 | Vaults:5 | Got a silver rune of Zot
 35627 | Vaults:5 | Got a quavering book
 35629 | Vaults:5 | Identified the staff "Dobb" {*Slow rPois rF+ SInv Stlth+
                  | Fire}
 35633 | Vaults:5 | Identified the staff of Ascent {rPois SInv Stlth+ Poison}
 35911 | Vaults:5 | Found the +3 crown of Dyrovepreva {rElec Int+2 SInv}
 35917 | Vaults:5 | Identified the staff "Gomot" {Fly rElec rF+ Int+2 Conj}
 36251 | Crypt:1  | Entered Level 1 of the Crypt
 36442 | Crypt:1  | Identified the +6 mace of Proximity {heavy, Dex+4}
 36949 | Crypt:1  | Noticed a royal mummy
 36956 | Crypt:1  | Killed a royal mummy
 37350 | Crypt:1  | Acquired a manual of Short Blades
 37352 | Crypt:1  | Acquired 798 gold pieces
 37354 | Crypt:1  | Acquired a manual of Translocations
 37356 | Crypt:1  | Acquired a manual of Shields
 37387 | Crypt:2  | Reached skill level 1 in Shields
 37524 | Crypt:2  | Reached XP level 23. HP: 235/235 MP: 22/22
 37571 | Crypt:2  | Reached skill level 5 in Shields
 37594 | Crypt:2  | Identified the +0 robe "Onkecs" {Fly rElec Int-4 Archmagi}
 37599 | Crypt:2  | Noticed Margery
 37611 | Crypt:2  | Killed Margery
 37916 | Crypt:2  | Lost mutation: You are partially covered in large bone
                  | plates. (SH +4) [Jiyva's grace]
 37916 | Crypt:2  | Lost mutation: You are highly strong-willed. (Will++)
                  | [Jiyva's grace]
 37916 | Crypt:2  | Lost mutation: You are almost entirely resistant to further
                  | mutation and mutation removal. [Jiyva's grace]
 37916 | Crypt:2  | Lost mutation: You are somewhat resistant to both further
                  | mutation and mutation removal. [Jiyva's grace]
 37916 | Crypt:2  | Lost mutation: You are somewhat resistant to further
                  | mutation. [Jiyva's grace]
 37916 | Crypt:2  | Gained mutation: You have hidden genetic potential.
                  | [Jiyva's grace]
 37916 | Crypt:2  | Gained mutation: You have great hidden genetic potential.
                  | [Jiyva's grace]
 37916 | Crypt:2  | Gained mutation: You have a somewhat thin skeletal
                  | structure. (Dex +2, Stealth+) [Jiyva's grace]
 37916 | Crypt:2  | Gained mutation: You have a moderately thin skeletal
                  | structure. (Dex +4, Stealth++) [Jiyva's grace]
 37972 | Crypt:3  | Entered Level 3 of the Crypt
 38368 | Crypt:3  | Found a staircase to the Tomb.
 38671 | Crypt:3  | Found a basalt altar of Yredelemnul.
 38694 | Crypt:3  | Identified the amulet "Jaas" {Regen+ Stlth+}
 38732 | Crypt:3  | Identified the ring "Ebod" {rN+ Stlth+}
 38732 | Crypt:3  | Identified the ring "Haqauh Zerph" {rPois rN+ Str+2}
 38870 | Crypt:3  | Reached skill level 10 in Shields
 39510 | Tomb:1   | Entered Level 1 of the Tomb of the Ancients
 39634 | Tomb:1   | Identified the +4 hand axe "Segioh" {heavy, rN+}
 39713 | Tomb:1   | Reached XP level 24. HP: 101/247 MP: 22/22
 39872 | Tomb:1   | Noticed a royal mummy
 39893 | Tomb:1   | Killed a royal mummy
 40304 | Tomb:1   | Noticed a royal mummy
 40327 | Tomb:1   | Killed a royal mummy
 41050 | Depths:1 | Entered Level 1 of the Depths
 41062 | Depths:1 | Lost mutation: Your melee attacks may engulf your foes in
                  | ooze. [Jiyva's grace]
 41062 | Depths:1 | Gained mutation: Your spells are a little harder to cast,
                  | but a little more powerful. [Jiyva's grace]
 41062 | Depths:1 | Gained mutation: Your spells are harder to cast, but more
                  | powerful. [Jiyva's grace]
 41062 | Depths:1 | Gained mutation: Your spells are much harder to cast, but
                  | much more powerful. [Jiyva's grace]
 41062 | Depths:1 | Gained mutation: Armour fits poorly on your pseudopods.
                  | [Jiyva's grace]
 41110 | Depths:1 | Found an ornate altar of the Wu Jian Council.
 41139 | Depths:1 | Reached skill level 27 in Fighting
 41156 | Depths:1 | Gained mutation: You have large cloven feet. [hidden
                  | potential]
 41230 | Depths:1 | Found a one-way gate leading to the halls of Pandemonium.
 41556 | Depths:1 | Found a hide-covered altar of Uskayaw.
 41607 | Depths:1 | Found a gateway to Hell.
 41800 | Depths:1 | Found a one-way gateway to a ziggurat.
 41994 | Depths:2 | Identified the +0 hand axe of Sudden Death {holy, rElec
                  | Dex+2 Stlth+}
 42024 | Depths:2 | Noticed Grunn
 42038 | Depths:2 | Killed Grunn
 42069 | Depths:2 | Reached skill level 27 in Armour
 42233 | Depths:2 | Noticed Saint Roka
 42255 | Depths:2 | Killed Saint Roka
 42348 | Depths:2 | Noticed Nikola
 42359 | Depths:2 | Killed Nikola
 43008 | Depths:3 | Lost mutation: You possess an exceptional clarity of mind.
                  | [Jiyva's grace]
 43008 | Depths:3 | Lost mutation: Your flesh is very cold resistant. (rC++)
                  | [Jiyva's grace]
 43008 | Depths:3 | Lost mutation: Your flesh is heat resistant. (rF+) [Jiyva's
                  | grace]
 43008 | Depths:3 | Lost mutation: You are strong-willed. (Will+) [Jiyva's
                  | grace]
 43008 | Depths:3 | Gained mutation: Your flesh is very cold resistant. (rC++)
                  | [Jiyva's grace]
 43008 | Depths:3 | Gained mutation: Your flesh is almost immune to the effects
                  | of cold. (rC+++) [Jiyva's grace]
 43008 | Depths:3 | Gained mutation: You are covered in slimy tendrils that may
                  | disarm your opponents. [Jiyva's grace]
 43008 | Depths:3 | Lost mutation: You have large cloven feet. [Jiyva's grace]
 43008 | Depths:3 | Gained mutation: You have sharp toenails. [Jiyva's grace]
 43096 | Depths:3 | Reached skill level 15 in Shields
 43270 | Depths:3 | Found a one-way gate to the infinite horrors of the Abyss.
 43574 | Depths:3 | You are sucked into a shaft and drop 1 floor!
 43574 | Depths:4 | Entered Level 4 of the Depths
 43602 | Depths:4 | Reached XP level 25. HP: 225/257 MP: 21/22
 43932 | Depths:4 | Found a gate to the Realm of Zot.
 44052 | Depths:4 | Found a portal to a secret trove of treasure.
 44139 | Depths:4 | Gained mutation: Your muscles are strong. (Str +4, Int/Dex
                  | -1) [hidden potential]
 44139 | Depths:4 | Lost mutation: You have great hidden genetic potential.
                  | [hidden potential expressed]
 44900 | Tomb:1   | Upgraded the game from 0.31-a0-851-g7ff8af7976 to
                  | 0.31-a0-853-gc9b61b78f7
 44906 | Tomb:2   | Noticed a royal mummy
 44908 | Tomb:2   | Noticed a royal mummy
 44908 | Tomb:2   | Noticed a royal mummy
 44909 | Tomb:2   | Noticed a royal mummy
 44932 | Tomb:2   | Killed a royal mummy
 44943 | Tomb:2   | Gained mutation: Your magical capacity is low. (-10% MP)
                  | [mutagenic glow]
 44955 | Tomb:2   | Gained mutation: Your magical capacity is very low. (-20%
                  | MP) [mutagenic glow]
 44976 | Tomb:2   | Killed a royal mummy
 44977 | Tomb:2   | Reached skill level 27 in Dodging
 44990 | Tomb:2   | Killed a royal mummy
 44997 | Tomb:2   | Killed a royal mummy
 44997 | Tomb:2   | HP: 22/508 [something (10)]
 45118 | Tomb:2   | Lost mutation: Your flesh is almost immune to the effects
                  | of cold. (rC+++) [Jiyva's grace]
 45118 | Tomb:2   | Lost mutation: Your muscles are strong. (Str +4, Int/Dex
                  | -1) [Jiyva's grace]
 45118 | Tomb:2   | Lost mutation: Your spells are much harder to cast, but
                  | much more powerful. [Jiyva's grace]
 45118 | Tomb:2   | Lost mutation: Your spells are harder to cast, but more
                  | powerful. [Jiyva's grace]
 45118 | Tomb:2   | Lost mutation: Armour fits poorly on your pseudopods.
                  | [Jiyva's grace]
 45118 | Tomb:2   | Gained mutation: Armour fits poorly on your pseudopods.
                  | [Jiyva's grace]
 45118 | Tomb:2   | Gained mutation: Armour fits poorly on your large
                  | pseudopods. [Jiyva's grace]
 45118 | Tomb:2   | Gained mutation: Armour fits poorly on your massive
                  | pseudopods. [Jiyva's grace]
 45118 | Tomb:2   | Gained mutation: Your translucent skin reduces your foes'
                  | accuracy. (Stealth+) [Jiyva's grace]
 45478 | Tomb:1   | Noticed a royal mummy
 45485 | Tomb:1   | Noticed a royal mummy
 45486 | Tomb:1   | Killed a royal mummy
 45494 | Tomb:1   | Killed a royal mummy
 45599 | Tomb:1   | Noticed a royal mummy
 45605 | Tomb:1   | Noticed a royal mummy
 45607 | Tomb:1   | Killed a royal mummy
 45614 | Tomb:1   | Killed a royal mummy
 45615 | Tomb:1   | Noticed a royal mummy
 45620 | Tomb:1   | Killed a royal mummy
 45680 | Tomb:1   | Noticed a royal mummy
 45682 | Tomb:1   | Noticed a royal mummy
 45689 | Tomb:1   | Killed a royal mummy
 45696 | Tomb:1   | Killed a royal mummy
 45804 | Tomb:1   | Noticed a royal mummy
 45833 | Tomb:1   | Noticed a royal mummy
 45835 | Tomb:1   | Killed a royal mummy
 45847 | Tomb:1   | Killed a royal mummy
 45890 | Tomb:1   | Noticed a royal mummy
 45895 | Tomb:1   | Noticed a royal mummy
 45905 | Tomb:1   | Lost mutation: Your spells are a little harder to cast, but
                  | a little more powerful. [mutagenic glow]
 45922 | Tomb:1   | Killed a royal mummy
 45924 | Tomb:1   | Killed a royal mummy
 45924 | Tomb:1   | Gained mutation: You sometimes lose your temper in combat.
                  | [mutagenic glow]
 45932 | Tomb:1   | Gained mutation: You are dopey. (Int -2) [mutagenic glow]
 45942 | Tomb:1   | Gained mutation: You have an uncontrollable temper.
                  | [mutagenic glow]
 45957 | Tomb:1   | Lost mutation: You have a moderately thin skeletal
                  | structure. (Dex +4, Stealth++) [mutagenic glow]
 46034 | Tomb:1   | Noticed a royal mummy
 46077 | Tomb:1   | Killed a royal mummy
 46288 | Tomb:2   | HP: 3/508 [poison (dark miasma)]
 46289 | Tomb:2   | Succumbed to poison (dark miasma)

Illustrated notes

Levels and vault maps discovered:
D:1:      dpeg_arrival_pond, layout_loops_ring,
          ebering_ecumenical_altar_abandoned, serial_rivers,
          chequers_serial_rivers_small_a, chequers_serial_rivers_micro_c,
          chequers_serial_rivers_large_a, chequers_serial_rivers_room_b,
          chequers_serial_rivers_micro_e, wander_ebering_terrifying_dragon_lair
D:2:      layout_loops_ring, basic_altar
D:3:      layout_loops_corners, overflow_temple_1_default
D:4:      layout_rooms, grunt_temple_overflow_cloverleaf, marbit_many_paths,
          minmay_temple_entry_mini_moons, gammafunk_ghost_split,
          gup_sewer_entry_glass, serial_curves, eino_curves_01, eino_curves_04,
          eino_curves_04
D:5:      layout_loops_ring, hangedman_decor_slide_cut, kennysheep_crisscross,
          nicolae_wormholes
D:6:      layout_rooms, tso_altar, nicolae_ossuary_entry_giza
D:7:      layout_basic, grunt_dithmenos_smoke, hangedman_feature_mirror
D:8:      layout_gridville, lemuel_doored_altar, minmay_crossroads
D:9:      layout_gridville, serial_shops, shop
D:10:     minmay_the_grid_octo_tiled_octocenter [minmay_the_grid_octo_odd_swirl,
          minmay_the_grid_octo_horde, minmay_the_grid_octo_vomiting_pacman,
          minmay_the_grid_octo_checkerflower,
          minmay_the_grid_octo_prize_square_snowflake,
          minmay_the_grid_square_5x5_detours,
          minmay_the_grid_square_5x5_shrine1,
          minmay_the_grid_square_5x5_six_small, minmay_the_grid_square_5x5_meh],
          layout_loops_ring, overflow_temple_1_default, enter_bailey_4
D:11:     layout_basic, hellmonk_lair_entry_icy, orc_0_dummy, serial_shops,
          nicolae_shop_stone, uniq_sonja
D:12:     layout_basic, uniq_kirke, uniq_azrael
D:13:     layout_irregular_city, drop_trap, nicolae_shop_i_like_big_books
D:14:     layout_rooms, erik_vaults_2, hangedman_abyss_or_decor_lesser_grid,
          uniq_frances
D:15:     gammafunk_enter_depths_forms, layout_stronghold,
          minmay_misc_feat_tower, serial_shops, nicolae_shop_hallway_plus,
          nicolae_shop_bloodbath_and_beyond, nicolae_shop_pleasant_corner_grove,
          nicolae_shop_tiny_glass, shop, nicolae_concentric_dashed_squares_mild,
          uniq_agnes, uniq_louise
Lair:1:   layout_misc_corridors
Lair:2:   layout_regular_city, minmay_snake_entry_guardpost_medium, basic_altar,
          dreamdust_mushroom_princess, serial_bayou_shore_a, lemuel_fruit_tree
Lair:3:   layout_concentric_octagons, elwin_shoals_entry_rocks,
          dreamdust_gnoll_shepherd, serial_bayou_shore_b
Lair:4:   layout_loops_ring, slime_entry_1, grunt_megastairs_2, uniq_josephine
Lair:5:   gammafunk_lair_ancient_temple, layout_small_grid,
          gammafunk_lair_bear_cave
Shoals:1: layout_shoals, serial_shops, nicolae_shop_rolling_square,
          nicolae_shop_tiny_real_fake_doors, nicolae_shop_vocational,
          uniq_donald
Shoals:2: layout_shoals, lightli_airlock, uniq_polyphemus
Shoals:3: layout_shoals, uniq_ilsuiw
Shoals:4: shoals_end_hellmonk_holy_island
Snake:1:  layout_layer_cave, portal_ice_cave_entry_frozen_things,
          serial_bayou_shore_b
Snake:2:  layout_basic, grunt_ministairs_15
Snake:3:  layout_chambers, basic_altar, uniq_jorgrun
Snake:4:  snake_pit, layout_onion_interference, nicolae_snake_flat_spine,
          minmay_shop_grove
Slime:1:  layout_caves, cheibrodos_slime_lost_civilization_6
Slime:2:  layout_caves
Slime:3:  nicolae_slime_pool, layout_caves
Slime:4:  cheibrodos_slime_lost_civilization_3, layout_caves
Slime:5:  slime_pit_nicolae_royal_road_to_ruin
Orc:1:    layout_diamond_mine, basic_altar
Orc:2:    st_orc_congregation, layout_caves
Elf:1:    minmay_elf_arrival_summoners, layout_gridlike, serial_shops,
          nicolae_shop_scrapyard, minmay_elf_necromancy
Elf:2:    nicolae_elf_blades_crystal_corner, layout_geoelf_octagon
Elf:3:    minmay_elf_hall_not_hex, layout_geoelf_grid, serial_shops,
          nicolae_shop_tiny_statue_garden
Vaults:1: nicolae_vaults_little_squares_6, nicolae_vaults_theta,
          nicolae_vaults_border_crossing, v_pattern_5, nicolae_vaults_theta,
          nicolae_vaults_little_squares_5, vaults_mumra_hex,
          layout_vaults_omnigrid, serial_shops, nicolae_shop_tiny_statue_garden,
          shop, nicolae_shop_advertising_works [nicolae_subvault_shop_adworks],
          shop, shop
Vaults:2: mu_enter_wizlab_4, v_rooms_6, nicolae_vaults_trapezoid_3,
          grunt_vaults_focal, minmay_crypt_entry_skeletal_spiral,
          nicolae_vaults_ring_of_whatevers, nicolae_vaults_tetromino_T_2,
          v_rooms_1, ontoclasm_vaults_loading_screen,
          ontoclasm_vaults_loading_screen, nicolae_vaults_meiosis,
          nicolae_vaults_more_shelving_1, nicolae_vaults_network_barrier,
          nicolae_vaults_little_guard_posts, grunt_vaults_funnel,
          layout_vaults_omnibox, uniq_asterion
Vaults:3: vaults_room_door_hall, v_misc_28,
          nicolae_vaults_variable_pillar_hall_cross, hangedman_vaults_slither,
          v_misc_14, nicolae_vaults_layer_cake_slice, v_misc_33, v_rooms_2,
          nicolae_vaults_house_2, nicolae_vaults_mitosis,
          ontoclasm_vaults_pinch, grunt_vaults_hallway_short,
          nicolae_vaults_trapezoid_lopsided_3, nicolae_vaults_house_2,
          layout_vaults_ring
Vaults:4: v_misc_25, nicolae_vaults_trapezoid_1, vaults_room_semicircle,
          v_alt_pattern_2, v_misc_28, nicolae_vaults_closet_pinwheel_1,
          dpeg_vaults_monster_box, ontoclasm_vaults_chip,
          hangedman_vaults_stretched_pinwheel, vaults_room_fours,
          layout_vaults_big_room
Vaults:5
Crypt:1:  lemuel_minitomb, layout_misc_corridors,
          grunt_crypt_arrival_guarded_gate
Crypt:2:  layout_misc_corridors, grunt_megastairs_5, uniq_margery
Crypt:3:  church_of_pain_bobbens, layout_chaotic_city,
          nicolae_tomb_entry_rubble_hallway, corexii_hall_statues_i,
          st_vampire_maze
Tomb:1
Tomb:2
Depths:1: layout_gridlike, enter_ziggurat_f, grunt_mini_vestibule, basic_altar,
          rand_demon_pan_entry_4, nicolae_uskayaw_murder_on_the_dancefloor
Depths:2: nicolae_moon_pools, layout_honeycomb, hell_entry,
          rand_demon_pan_entry_3, minmay_hollow_rounded_squares,
          infiniplex_staircase_zigzag_4, uniq_grunn, uniq_nikola,
          uniq_josephina, uniq_saint_roka
Depths:3: hangedman_cross_stitches, layout_gridville, hell_entry,
          rand_demon_pan_entry_5, abyss_entry, minmay_fountain_box
Depths:4: grunt_twist_and_shout, layout_cave_pools, enter_trove_1, serial_bayou,
          serial_bayou_pond_b, serial_bayou_lagoon_a, serial_bayou_lagoon_b,
          serial_bayou_pond_a, abyss_entry, hell_entry

Skill      XL: |  1  2  3  4  5  6  7  8  9 10 11 12 13 14 15 16 17 18 19 20 21 22 23 24 25 |
---------------+----------------------------------------------------------------------------+-----
Axes           | 4 5 6 7 9 11 13 15 16 18 20 21 22 23 24 | 24.0
Armour         | 1 2 3 4 6 7 9 10 11 13 14 16 18 19 20 21 23 24 25 26 27 | 27.0
Fighting       | 4 5 6 7 8 9 11 12 13 14 16 18 20 21 22 23 24 25 26 27 | 27.0
Dodging        | 4 5 6 7 9 10 11 12 13 15 17 18 19 20 21 22 23 24 26 27 | 27.0
Shields        | 3 10 15 20 | 20.6

Action                     |  1- 3 |  4- 6 |  7- 9 | 10-12 | 13-15 | 16-18 | 19-21 | 22-24 | 25-27 || total
---------------------------+-------+-------+-------+-------+-------+-------+-------+-------+-------++-------
  Melee: Hand axe          |    61 |   133 |   287 |   349 |       |       |       |       |       ||   830
         Headbutt          |     6 |    29 |    81 |   144 |   157 |   185 |   319 |   486 |   132 ||  1539
         Battleaxe         |       |       |       |   198 |   671 |   880 |  1092 |  1449 |   365 ||  4655
         Bite              |       |       |       |       |    92 |    58 |    83 |    15 |       ||   248
         Pseudopods        |       |       |       |       |       |   124 |     1 |   126 |   134 ||   385
 Invoke: Oozemancy         |       |       |       |       |     1 |       |       |       |       ||     1
    Use: Potion            |       |       |     2 |       |     1 |     3 |     2 |     2 |     5 ||    15
         Scroll            |       |       |     1 |     8 |    10 |    11 |     7 |     9 |     2 ||    48
   Stab: Confused          |       |       |       |       |     2 |    12 |     7 |       |       ||    21
         Distracted        |       |       |       |       |       |     1 |     3 |     8 |     2 ||    14
         Sleeping          |       |       |       |       |       |       |     2 |    20 |     1 ||    23
 Armour: Robe              |    34 |    65 |       |       |       |       |       |       |       ||    99
         Chain mail        |       |     1 |   200 |   242 |   241 |   350 |   429 |   264 |    93 ||  1820
  Dodge: Dodged            |    39 |   104 |   131 |   182 |   444 |   637 |  1028 |  1381 |   490 ||  4436
  Block: Orb               |       |       |       |   132 |       |       |       |       |       ||   132
         Reflection        |       |       |       |    15 |    17 |    27 |    44 |    17 |       ||   120
         Other             |       |       |       |    92 |   257 |   201 |   359 |   311 |    94 ||  1314

Table legend: (Time is in decaauts)
 A = Elapsed time spent in this place.
 B = Non-inter-level travel time spent in this place.
 C = Inter-level travel time spent in this place.
 D = Time resting spent in this place.
 E = Time spent auto-exploring this place.
 F = Levels seen in this place.
 G = Mean time per level.
                   A        B        C        D        E       F      G
               +--------+--------+--------+--------+--------+-----+--------+
         Total |  45186 |  40944 |   4242 |   1683 |  28691 |  56 |  806.9 |
       Dungeon |  11148 |   9755 |   1393 |    131 |   7554 |  15 |  743.2 |
          Lair |   3896 |   3515 |    381 |      2 |   2933 |   5 |  779.2 |
        Shoals |   2808 |   2650 |    158 |      6 |   1883 |   4 |  702.0 |
     Snake Pit |   5036 |   4571 |    465 |    336 |   3374 |   4 | 1259.0 |
    Slime Pits |   1743 |   1604 |    139 |      0 |   1551 |   5 |  348.6 |
  Orcish Mines |    982 |    771 |    211 |      0 |    498 |   2 |  491.0 |
   Elven Halls |   3263 |   3058 |    205 |    326 |   1785 |   3 | 1087.7 |
        Vaults |   5617 |   5146 |    471 |      0 |   3973 |   5 | 1123.4 |
         Crypt |   3293 |   2953 |    340 |    134 |   1754 |   3 | 1097.7 |
          Tomb |   2743 |   2419 |    324 |    633 |    633 |   2 | 1371.5 |
        Depths |   3306 |   3155 |    151 |     65 |   2163 |   4 |  826.5 |
         Sewer |    309 |    309 |      0 |     25 |    121 |   1 |  309.0 |
       Ossuary |    123 |    123 |      0 |      2 |     55 |   1 |  123.0 |
      Ice Cave |    128 |    128 |      0 |     21 |      0 |   1 |  128.0 |
        Wizlab |    785 |    785 |      0 |      0 |    411 |   1 |  785.0 |
               +--------+--------+--------+--------+--------+-----+--------+

Top non-repeatable levels by time:
  Tomb:1: 2154 daAuts
 Snake:1: 1591 daAuts
 Crypt:3: 1556 daAuts
   Elf:3: 1422 daAuts
 Snake:4: 1340 daAuts
Vaults:5: 1284 daAuts
    D:15: 1250 daAuts
Vaults:2: 1230 daAuts
Vaults:1: 1201 daAuts
 Snake:3: 1178 daAuts
 Crypt:1: 1162 daAuts
  Lair:5: 1157 daAuts
Depths:2: 1112 daAuts
    D:10: 1112 daAuts
   Elf:2: 1039 daAuts
